[Event "Team 45 45 League T64"]
[Site "Internet Chess Club"]
[Date "2015.03.30"]
[Round "4"]
[White "achessman"]
[Black "laurenpar"]
[Result "0-1"]
[WhiteElo "1918"]
[BlackElo "1968"]
[Opening "French: Chigorin variation"]
[ECO "C00"]
[Time "22:05:29"]
[TimeControl "2700+45"]

1. e4 e6 2. Qe2 Be7 3. g3 d5 4. d3 Nf6 5. Bg2 b5 6. c3 c5 7. e5 Nfd7 8. d4 cxd4
9. cxd4 b4 10. Qg4 Bf8 11. Ne2 Ba6 12. O-O Nc6 13. Rd1 Qc7 14. Be3 Ncxe5 15.
dxe5 Nxe5 16. Qf4 Bxe2 17. Re1 Nf3+ 18. Bxf3 Qxf4 19. Bxf4 Bxf3 20. Nd2 Bh5 21.
Rac1 Be7 22. Rc7 Bd8 23. Rb7 O-O 24. Bd6 Re8 25. Bxb4 f6 26. Nb3 e5 27. Rc1 d4
28. Nc5 Bf3 29. Rd7 Re7 30. Rd6 Bc7 31. Ra6 Be2 32. Ne6 Bxa6 33. Nxc7 Rxc7 34.
Rxc7 Rb8 35. a3 Rb7 36. Rxb7 Bxb7 37. Kf1 Kf7 38. Bc5 a6 39. Ke2 Ke6 40. h4 g5
41. hxg5 fxg5 42. f4 gxf4 43. gxf4 Kd5 44. b4 e4 45. a4 Bc6 46. a5 e3 47. f5 Ke4
48. f6 d3+ 49. Ke1 d2+ 50. Ke2 Bb5+ 51. Kd1 Ba4+ {White resigns} 0-1

[Event "Team 45 45 League T64"]
[Site "Internet Chess Club"]
[Date "2015.03.27"]
[Round "4"]
[White "marceloeinhorn"]
[Black "infiniteshug"]
[Result "1-0"]
[WhiteElo "2030"]
[BlackElo "2140"]
[Opening "Caro-Kann: Steinitz variation"]
[ECO "B17"]
[Time "17:00:33"]
[TimeControl "2700+45"]

1. e4 c6 2. d4 d5 3. Nc3 dxe4 4. Nxe4 Nd7 5. Ng5 Ngf6 6. Bd3 e6 7. N1f3 Bd6 8.
Qe2 h6 9. Ne4 Nxe4 10. Qxe4 Qc7 11. O-O b6 12. Qg4 Kf8 13. b3 Bb7 14. Bb2 Nf6
15. Qh3 c5 16. c4 Rd8 17. dxc5 Qxc5 18. Rad1 Qc7 19. Nd4 a6 20. Rfe1 Bc8 21. Bb1
Bc5 22. Qh4 Bd7 23. Nf3 Be7 24. Ne5 g5 25. Qg3 Qb7 26. Ng4 Nh5 27. Qc3 f6 28.
Bg6 Nf4 29. Be4 Bc6 30. Rxd8+ Bxd8 31. Nxf6 Kf7 32. Ng4 Bxe4 33. Qg7+ Ke8 34.
Qxh8+ Kf7 35. Ne5+ Ke7 36. Ba3# {Black checkmated} 1-0

[Event "Team 45 45 League T64"]
[Site "Internet Chess Club"]
[Date "2015.03.30"]
[Round "4"]
[White "Chessbomb"]
[Black "TillyChess"]
[Result "0-1"]
[WhiteElo "1841"]
[BlackElo "2083"]
[Opening "French: advance, Euwe variation"]
[ECO "C02"]
[Time "15:30:17"]
[TimeControl "2700+45"]

1. e4 e6 2. d4 d5 3. e5 c5 4. c3 Nc6 5. Nf3 Bd7 6. Be2 Nge7 7. Na3 cxd4 8. cxd4
Ng6 9. Nc2 f6 10. exf6 Qxf6 11. Bg5 Qf7 12. Qd2 Bd6 13. g3 O-O 14. O-O-O Rac8
15. Kb1 a5 16. a3 b5 17. Be3 h6 18. h4 b4 19. Bxh6 bxa3 20. Ng5 Qe7 21. Qd3 gxh6
22. Qxg6+ Qg7 23. Qxg7+ Kxg7 24. Nf3 axb2 25. h5 a4 26. Kxb2 Rb8+ 27. Ka2 Na5
28. Ne3 Rb3 29. Rb1 Ra3+ 30. Kb2 Rb8+ 31. Kc1 Nb3+ 32. Kd1 Ra2 33. Nc2 Rc8 34.
Bd3 Rc3 35. Nfe1 e5 36. dxe5 Bxe5 37. Rh4 Bf6 38. Rb4 Nc5 39. Bg6 d4 40. Nxd4
Rxf2 41. Ne2 Re3 42. Rc4 Nb3 43. Bd3 Re7 44. Nc2 Rf1+ 45. Ne1 Bg5 46. Kc2 Bb5
47. Rc3 Bxd3+ {White resigns} 0-1

[Event "Team 45 45 League T64"]
[Site "Internet Chess Club"]
[Date "2015.04.03"]
[Round "4"]
[White "chessjav"]
[Black "dmarcolino"]
[Result "0-1"]
[WhiteElo "1904"]
[BlackElo "1944"]
[Opening "Bogo-Indian defense, Nimzovich variation"]
[ECO "E11"]
[Time "21:01:33"]
[TimeControl "2700+45"]

1. d4 Nf6 2. c4 e6 3. Nf3 Bb4+ 4. Bd2 Qe7 5. g3 Bxd2+ 6. Qxd2 d6 7. Nc3 e5 8.
Bg2 O-O 9. O-O Nbd7 10. e4 exd4 11. Nxd4 Ne5 12. Nd5 Qd8 13. Rac1 c6 14. Ne3 Ne8
15. Rfd1 Qf6 16. Ndf5 Bxf5 17. Nxf5 Rd8 18. f4 Ng6 19. Qc3 Qxc3 20. Rxc3 f6 21.
Rcd3 Kf7 22. c5 Ne7 23. Nxd6+ Nxd6 24. cxd6 Nc8 25. Kf2 Nb6 26. b3 Rfe8 27. Kf3
Nd7 28. Bh3 Nc5 29. Rd4 Ne6 30. Bxe6+ Kxe6 31. d7 Re7 32. Rd6+ Kf7 33. R1d4 Re6
34. b4 Rxd6 35. Rxd6 Ke7 36. Rd2 Rxd7 37. Rxd7+ Kxd7 38. Ke3 b6 39. Kd4 Ke6 40.
g4 h6 41. e5 fxe5+ 42. fxe5 g6 43. a4 h5 44. gxh5 gxh5 45. a5 h4 46. h3 Kd7 47.
Ke4 Ke7 48. Kd4 Ke6 49. Ke4 c5 50. bxc5 bxc5 51. a6 c4 52. Kd4 c3 53. Kxc3 Kxe5
54. Kc4 Kd6 55. Kb5 Kd5 56. Kb4 Kc6 57. Ka5 Kc5 58. Ka4 Kb6 59. Kb4 Kxa6 60. Kc5
Ka5 61. Kc4 Kb6 62. Kb4 Kc6 63. Ka5 Kd5 64. Ka6 Ke4 65. Kxa7 Kf3 66. Kb6 Kg3 67.
Kc5 Kxh3 68. Kd4 Kg2 69. Ke3 h3 70. Ke2 h2 71. Ke3 h1=Q 72. Kf4 Qe1 73. Kg4 Qe4+
74. Kh5 Qf4 75. Kg6 Kf3 76. Kh5 Qg3 77. Kh6 Kf4 78. Kh7 Kf5 79. Kh8 Kf6 80. Kh7
Qg7# {White checkmated} 0-1

[Event "Team 45 45 League T64"]
[Site "Internet Chess Club"]
[Date "2015.03.29"]
[Round "4"]
[White "xt"]
[Black "JustinL"]
[Result "1/2-1/2"]
[WhiteElo "1717"]
[BlackElo "2004"]
[Opening "French: Chigorin variation"]
[ECO "C00"]
[Time "14:03:05"]
[TimeControl "2700+45"]

1. e4 e6 2. Qe2 c5 3. g3 Nc6 4. Nf3 Nf6 5. Nc3 Be7 6. e5 Nd5 7. Bg2 Qc7 8. a3 a6
9. O-O O-O 10. Rd1 b5 11. Nxd5 exd5 12. d4 Bb7 13. dxc5 Bxc5 14. Rxd5 Nd4 15.
Nxd4 Bxd5 16. Bxd5 Bxd4 17. Bxa8 Rxa8 18. Qe4 Qa7 19. Be3 Bxe3 20. fxe3 Re8 21.
Rd1 Qc7 22. Qd5 h6 23. Qxd7 Qxe5 24. Rd3 Re6 25. Qd4 Qh5 26. Qf4 Qc5 27. Rc3 Qh5
28. Rd3 Qc5 29. c3 Qh5 30. Rd2 Rf6 31. Qe4 Rg6 32. Rd8+ Kh7 33. Rd2 f5 34. Qf4
Rg4 35. Qf3 Qg5 36. Rd5 Kg6 37. Rd6+ Kh7 38. Rd5 Kg6 39. Kg2 Re4 40. Qxe4 fxe4
41. Rxg5+ Kxg5 42. b3 Kf5 43. Kh3 g5 44. Kg2 g4 45. Kf2 Ke5 46. Ke2 Kd5 47. Kd2
a5 {Game drawn by mutual agreement} 1/2-1/2

[Event "Team 45 45 League T64"]
[Site "Internet Chess Club"]
[Date "2015.03.26"]
[Round "4"]
[White "kidcobra"]
[Black "CaptK"]
[Result "1-0"]
[WhiteElo "1728"]
[BlackElo "1758"]
[Opening "French: exchange variation"]
[ECO "C01"]
[Time "19:03:57"]
[TimeControl "2700+45"]

1. e4 e6 2. d4 d5 3. exd5 exd5 4. Nc3 Nf6 5. h3 Bb4 6. Bd2 O-O 7. Nf3 Re8+ 8.
Be2 c5 9. O-O Nc6 10. Bb5 a6 11. Bxc6 bxc6 12. a3 Bxc3 13. Bxc3 Ne4 14. dxc5
Nxc3 15. bxc3 Qa5 16. Qd4 Re4 17. Rfe1 Bf5 18. Rxe4 Bxe4 19. Ne5 Qb5 20. f3 Bxc2
21. Re1 Re8 22. Qb4 Re6 23. Kf2 h6 24. Qxb5 axb5 25. Nd7 Rxe1 26. Kxe1 f6 27.
Nb8 Kf7 28. Nxc6 Ke8 29. Kd2 Bb3 30. Na5 Bc4 31. Nxc4 dxc4 32. Ke3 Kd7 33. Kd4
Kc6 34. g4 g6 35. f4 h5 36. gxh5 gxh5 37. h4 f5 38. Ke5 Kxc5 39. Kxf5 Kd5 40.
Kg6 Ke4 41. f5 Kd3 42. f6 Kxc3 43. f7 Kb2 44. f8=Q c3 45. Qb4+ Kc2 46. Qxb5 Kc1
47. Kxh5 c2 48. Qc4 Kd1 49. Qxc2+ {Black resigns} 1-0

[Event "Team 45 45 League T64"]
[Site "Internet Chess Club"]
[Date "2015.03.27"]
[Round "4"]
[White "craftsman49868"]
[Black "KidRattler"]
[Result "1-0"]
[WhiteElo "1680"]
[BlackElo "1456"]
[Opening "Dutch defense"]
[ECO "A13"]
[Time "07:54:53"]
[TimeControl "2700+45"]

1. c4 e6 2. d4 f5 3. Nf3 h6 4. e3 Nf6 5. a3 Be7 6. Ne5 O-O 7. Ng6 Re8 8. Nc3 Kh7
9. Nxe7 Rxe7 10. Bd3 g6 11. O-O a6 12. e4 d5 13. cxd5 exd5 14. Qd2 Ng4 15. exf5
Bxf5 16. Bxf5 Qd6 17. Bxg4 g5 18. f4 gxf4 19. Qd3+ Kh8 20. Bxf4 {Black resigns}
1-0

[Event "Team 45 45 League T64"]
[Site "Internet Chess Club"]
[Date "2015.03.31"]
[Round "4"]
[White "seattleblues"]
[Black "oldsj"]
[Result "0-1"]
[WhiteElo "1420"]
[BlackElo "1570"]
[Opening "King's Indian: London system"]
[ECO "A48"]
[Time "19:08:02"]
[TimeControl "2700+45"]

1. d4 Nf6 2. Nf3 g6 3. Bf4 Bg7 4. e3 d6 5. Be2 O-O 6. O-O Nbd7 7. h3 c5 8. c3 b6
9. Nbd2 Bb7 10. Nc4 Rc8 11. Re1 b5 12. Na3 a6 13. Nc2 Bd5 14. Bd3 Ne4 15. Nd2
Nxd2 16. Qxd2 c4 17. Be2 a5 18. f3 Nf6 19. e4 Bc6 20. a3 Bd7 21. Ne3 Re8 22. Ng4
Nxg4 23. fxg4 e5 24. Bg3 exd4 25. Bf3 d3 26. Bxd6 Qb6+ {White resigns} 0-1

[Event "Team 45 45 League T64"]
[Site "Internet Chess Club"]
[Date "2015.03.31"]
[Round "4"]
[White "nilobasenji"]
[Black "calsal"]
[Result "1-0"]
[WhiteElo "1814"]
[BlackElo "1760"]
[Opening "King's Indian, 3.Nf3"]
[ECO "E61"]
[Time "19:08:33"]
[TimeControl "2700+45"]

1. d4 Nf6 2. Nf3 g6 3. c4 Bg7 4. Nc3 O-O 5. Bg5 d6 6. e3 h6 7. Bh4 Nbd7 8. Be2
e5 9. Qc2 Re8 10. Rd1 c6 11. dxe5 dxe5 12. Nd2 Qe7 13. O-O Nf8 14. Nde4 Be6 15.
Bxf6 Bxf6 16. Nxf6+ Qxf6 17. Ne4 Qe7 18. Qc3 Bf5 19. Nd6 Red8 20. c5 Nh7 21. e4
Bc8 22. f4 f6 23. fxe5 fxe5 24. Bc4+ Kh8 25. Nf7+ {Black resigns} 1-0

[Event "Team 45 45 League T64"]
[Site "Internet Chess Club"]
[Date "2015.03.29"]
[Round "4"]
[White "pkraus"]
[Black "Packerfan"]
[Result "0-1"]
[WhiteElo "1547"]
[BlackElo "1698"]
[Opening "Scotch: Schmidt variation"]
[ECO "C45"]
[Time "14:30:18"]
[TimeControl "2700+45"]

1. e4 e5 2. Nf3 Nc6 3. d4 exd4 4. Nxd4 Nf6 5. Nc3 d6 6. Bb5 Bd7 7. O-O Be7 8. h3
O-O 9. Re1 a6 10. Nxc6 Bxc6 11. Bxc6 bxc6 12. Bf4 Nd7 13. Qd2 Bf6 14. Rab1 Re8
15. b3 Nc5 16. Re2 Bxc3 17. Qxc3 Nxe4 18. Qxc6 Nf6 19. Rxe8+ Nxe8 20. Re1 Kf8
21. Kf1 Qc8 22. a4 Rb8 23. a5 Rb5 24. Qe4 Nf6 25. Qe7+ Kg8 26. Bd2 Rc5 27. c4 h6
28. Bxh6 Rxa5 29. Bc1 Ra2 30. Re2 Rxe2 31. Qxe2 Qe6 32. Qf3 Ne4 33. Be3 a5 34.
Bc1 a4 35. bxa4 Qxc4+ 36. Kg1 Qxc1+ 37. Kh2 d5 38. Qf5 Nd6 39. Qxd5 Qf4+ 40. Kg1
Qxa4 41. Qg5 Qa1+ 42. Kh2 Qf6 43. Qc5 Qe7 44. Qb4 Qe5+ 45. Kg1 c5 46. Qb8+ Kh7
47. Qb1+ g6 48. Qb8 c4 49. Qc7 c3 50. Kf1 Qd4 {White resigns} 0-1

[Event "Team 45 45 League T64"]
[Site "Internet Chess Club"]
[Date "2015.03.29"]
[Round "4"]
[White "tryanything"]
[Black "okieman888"]
[Result "1/2-1/2"]
[WhiteElo "1552"]
[BlackElo "1537"]
[Opening "QGD semi-Slav: 7.Bc4"]
[ECO "D47"]
[Time "20:00:56"]
[TimeControl "2700+45"]

1. d4 d5 2. Nf3 Nf6 3. c4 c6 4. e3 e6 5. Nc3 Nbd7 6. Bd3 dxc4 7. Bxc4 Be7 8. O-O
O-O 9. Rb1 b5 10. Bd3 Bb7 11. b4 a5 12. a3 axb4 13. axb4 Qc7 14. Ne4 Nxe4 15.
Bxe4 Ra4 16. Bd2 e5 17. d5 cxd5 18. Bf5 Nb6 19. Qc1 Nc4 20. Bc2 Nxd2 21. Qxd2
Ra3 22. Rfc1 Qd6 23. Bd1 d4 24. exd4 Bxf3 25. Bxf3 Rxf3 26. gxf3 exd4 27. Rc5
Qd7 28. Re5 Bf6 29. Re4 Rc8 30. Rd1 Rc4 31. Qa2 Rc8 32. Rde1 h6 33. Rd1 d3 34.
Qd2 Rc3 35. Re3 Qd4 36. Rxd3 Rxd3 37. Qxd3 Qxb4 38. Rb1 Qc4 39. Qb3 Qf4 40. Qe3
Qb8 41. Rb4 Be5 42. f4 Bd6 43. Re4 Kh7 44. Re8 Qc7 45. Qe4+ g6 46. Qd4 Qc1+ 47.
Kg2 Qc6+ 48. Qe4 Qxe4+ 49. Rxe4 b4 50. Kf3 Kg7 51. Rd4 Bc5 52. Rd5 Be7 53. h3
{Game drawn by mutual agreement} 1/2-1/2

[Event "Team 45 45 League T64"]
[Site "Internet Chess Club"]
[Date "2015.03.27"]
[Round "4"]
[White "jjaillet2007"]
[Black "PostMike"]
[Result "0-1"]
[WhiteElo "1325"]
[BlackElo "1476"]
[Opening "Nimzo-Indian: Leningrad variation"]
[ECO "E30"]
[Time "09:00:34"]
[TimeControl "2700+45"]

1. d4 Nf6 2. c4 e6 3. Nc3 Bb4 4. Bg5 h6 5. Bh4 O-O 6. a3 Bxc3+ 7. bxc3 d6 8. Nf3
Nbd7 9. e3 c5 10. Bd3 Qc7 11. O-O b6 12. Re1 d5 13. cxd5 Nxd5 14. c4 N5f6 15. e4
cxd4 16. Nxd4 Ba6 17. Rc1 Qc5 18. Bxf6 Nxf6 19. e5 Nd7 20. a4 Nxe5 21. Nb3 Qc7
22. Bf1 Nc6 23. c5 Bb7 24. cxb6 Qxb6 25. Bb5 Rfd8 26. Qg4 Nd4 27. Nc5 Nxb5 28.
Nxb7 Qxb7 29. Rb1 a6 30. axb5 axb5 31. Qb4 Rdb8 32. h3 Ra4 33. Qb3 Qa8 34. Ra1
Rxa1 {White resigns} 0-1

[Event "Team 45 45 League T64"]
[Site "Internet Chess Club"]
[Date "2015.03.26"]
[Round "4"]
[White "Tjet"]
[Black "QuieroAprender"]
[Result "0-1"]
[WhiteElo "1538"]
[BlackElo "1662"]
[Opening "English opening"]
[ECO "A20"]
[Time "21:30:28"]
[TimeControl "2700+45"]

1. c4 e5 2. g3 Bc5 3. e3 Nf6 4. a3 O-O 5. b4 Be7 6. Bg2 d5 7. cxd5 Nxd5 8. Bb2
Bf6 9. Ne2 c6 10. O-O Be6 11. Nbc3 Re8 12. Ne4 Bf5 13. Nxf6+ Nxf6 14. d4 e4 15.
h3 Nd5 16. Kh2 Qd6 17. Nc3 Nd7 18. Nxd5 cxd5 19. Rc1 Nb6 20. Qe2 Nc4 21. Rc3 b5
22. Rc2 Re6 23. Bc1 Rh6 24. Rc3 Qd7 25. h4 g5 26. f4 gxh4 27. Qf2 hxg3+ 28. Kxg3
Kh8 29. Qg1 Rg8+ 30. Kf2 Bh3 31. Qh1 Rxg2+ 32. Qxg2 Bxg2 33. Kxg2 Qg4+ 34. Kf2
Qf3+ 35. Ke1 Rh1 36. Rxh1 Qxh1+ 37. Ke2 Qg2+ 38. Kd1 h5 {White resigns} 0-1

[Event "Team 45 45 League T64"]
[Site "Internet Chess Club"]
[Date "2015.03.29"]
[Round "4"]
[White "JOFRAN"]
[Black "Gilguli"]
[Result "1-0"]
[WhiteElo "1470"]
[BlackElo "1375"]
[Opening "QGD: Albin counter-gambit"]
[ECO "D08"]
[Time "16:46:10"]
[TimeControl "2700+45"]

1. d4 d5 2. c4 e5 3. dxe5 d4 4. Nf3 Nc6 5. a3 Nge7 6. e3 Nf5 7. exd4 Nfxd4 8.
Bf4 Bg4 9. Nbd2 Qd7 10. h3 Bf5 11. Rc1 O-O-O 12. b4 h6 13. b5 Na5 14. c5 Nxf3+
15. Qxf3 g5 16. Be3 Qe6 17. Be2 Bg7 18. O-O g4 19. hxg4 Bxg4 20. Qxg4 Bxe5 21.
Qxe6+ fxe6 22. Nc4 Nxc4 23. Bxc4 Rde8 24. Rcd1 h5 25. Bd4 Bxd4 26. Rxd4 e5 27.
Re4 h4 28. Rfe1 h3 29. g3 Ref8 30. Rxe5 h2+ 31. Kg2 Rd8 32. c6 b6 33. Be6+ Kb8
34. Bd7 a5 35. Rh1 Rdf8 36. f4 Rf7 37. Rxh2 Rhf8 38. f5 Rf6 39. g4 Rd6 40. Kf3
Rd3+ 41. Re3 Rd4 42. g5 Rg8 43. g6 {Black resigns} 1-0

[Event "Team 45 45 League T64"]
[Site "Internet Chess Club"]
[Date "2015.03.29"]
[Round "4"]
[White "houseofcook"]
[Black "drsigmund1"]
[Result "0-1"]
[WhiteElo "1512"]
[BlackElo "1521"]
[Opening "French: advance, Euwe variation"]
[ECO "C02"]
[Time "13:00:27"]
[TimeControl "2700+45"]

1. e4 e6 2. d4 d5 3. e5 c5 4. c3 Nc6 5. Nf3 Bd7 6. Be2 Nge7 7. O-O Nf5 8. Na3
cxd4 9. cxd4 Qb6 10. Nc2 Be7 11. a3 O-O 12. b4 a6 13. Bb2 Na7 14. Qd2 Rac8 15.
Rac1 Bb5 16. Ne3 Nxe3 17. fxe3 Bxe2 18. Qxe2 Qb5 19. Qd2 Rc4 20. Rxc4 dxc4 21.
Qc2 Qc6 22. Bc3 b5 23. Nd2 Bg5 24. Rf3 f5 25. exf6 Rxf6 26. Rg3 Bh4 27. Rf3 Rxf3
28. Nxf3 Bf6 29. e4 Nc8 30. e5 Bd8 31. h4 h6 32. Kh2 Ne7 33. Qe2 Nd5 34. Qd2 Qe8
35. g3 Qg6 36. Kg2 Qb1 37. Ne1 Qb3 38. Qb2 Nxc3 39. Qxb3 cxb3 40. Nd3 Nd1 {White
resigns} 0-1

[Event "Team 45 45 League T64"]
[Site "Internet Chess Club"]
[Date "2015.03.29"]
[Round "4"]
[White "Leon13"]
[Black "semperfi"]
[Result "0-1"]
[WhiteElo "1326"]
[BlackElo "1423"]
[Opening "French: Schlechter variation"]
[ECO "C01"]
[Time "18:02:56"]
[TimeControl "2700+45"]

1. e4 e6 2. d4 d5 3. Bd3 dxe4 4. Bxe4 Nf6 5. Bd3 c5 6. c3 Nc6 7. Nf3 Qb6 8. Bc2
Bd7 9. Ne5 cxd4 10. Nxd7 Nxd7 11. cxd4 Qb4+ 12. Nc3 Qxd4 13. Bd3 Bb4 14. Be3
Bxc3+ 15. bxc3 Qxc3+ 16. Kf1 Qf6 17. Rc1 O-O 18. g3 Nde5 19. Be4 Ng4 20. Qxg4
Ne5 21. Qh5 Ng6 22. Kg2 Qe7 23. Bc5 Qf6 24. Bxf8 Rxf8 25. Bxb7 Qe5 26. Rhe1 Qxh5
27. Rc7 Qg5 28. Kh1 Qa5 29. Rec1 Qxa2 30. R1c2 Qa1+ 31. Rc1 Qd4 32. R7c4 Qxf2
33. R4c2 Qb6 34. Bf3 Ne5 35. Be4 Ng4 36. Rc6 Nf2+ 37. Kg2 Qe3 38. Bf3 Nd3 39.
R1c2 Ne1+ {White resigns} 0-1

[Event "Team 45 45 League T64"]
[Site "Internet Chess Club"]
[Date "2015.03.29"]
[Round "4"]
[White "ChessMaine"]
[Black "BotanicalKnight"]
[Result "1/2-1/2"]
[WhiteElo "1473"]
[BlackElo "1530"]
[Opening "Dutch, 2.Bg5 variation"]
[ECO "A80"]
[Time "20:00:21"]
[TimeControl "2700+45"]

1. d4 f5 2. Bg5 h6 3. Bh4 g5 4. Bg3 Nf6 5. Be5 Bg7 6. e4 d6 7. Bxf6 Bxf6 8. Qh5+
Kf8 9. Bc4 Qe8 10. Qxe8+ Kxe8 11. exf5 Bxd4 12. c3 Bg7 13. g4 c6 14. Nf3 b5 15.
Bb3 Nd7 16. h4 Ne5 17. Nxe5 Bxe5 18. Nd2 Bb7 19. hxg5 hxg5 20. Rxh8+ Bxh8 21.
Ne4 b4 22. O-O-O bxc3 23. Nxc3 c5 {Game drawn by mutual agreement} 1/2-1/2

[Event "Team 45 45 League T64"]
[Site "Internet Chess Club"]
[Date "2015.03.29"]
[Round "4"]
[White "chesskix"]
[Black "PaulRichard"]
[Result "1-0"]
[WhiteElo "1508"]
[BlackElo "1495"]
[Opening "Réti opening"]
[ECO "A30"]
[Time "19:02:04"]
[TimeControl "2700+45"]

1. Nf3 c5 2. c4 Nc6 3. g3 Nf6 4. d3 g6 5. Bg2 d6 6. O-O Bg7 7. Nbd2 O-O 8. Ng5
h6 9. Nge4 Nxe4 10. Nxe4 Rb8 11. a3 a6 12. Rb1 Bf5 13. Bd2 Qc7 14. Bc3 e5 15. e3
Bg4 16. Qxg4 f5 17. Qxg6 fxe4 18. Qxe4 Qf7 19. Qg4 Nd8 20. Bd5 {Black resigns}
1-0

[Event "Team 45 45 League T64"]
[Site "Internet Chess Club"]
[Date "2015.04.06"]
[Round "4"]
[White "seattleblues"]
[Black "kingsrook"]
[Result "1/2-1/2"]
[WhiteElo "1440"]
[BlackElo "1322"]
[Opening "QGD: Semi-Tarrasch defense"]
[ECO "D40"]
[Time "20:00:52"]
[TimeControl "2700+45"]

1. d4 d5 2. Nf3 Nf6 3. c4 e6 4. Nc3 c5 5. dxc5 Bxc5 6. Bf4 O-O 7. e3 Nc6 8. Qc2
Bd6 9. cxd5 exd5 10. Bxd6 Qxd6 11. Rd1 Be6 12. Be2 a6 13. a3 Rac8 14. Qb1 Rfd8
15. O-O Qc7 16. Bd3 Ne5 17. Nxe5 Qxe5 18. Be2 Bg4 19. h3 Be6 20. Bf3 Rd7 21. Ne2
Bf5 22. Qa1 Rdc7 23. Nd4 Bg6 24. Rc1 h6 25. Rfd1 Be4 26. Bxe4 Qxe4 27. Rxc7 Rxc7
28. Rc1 Qe7 29. Nf5 Qe5 30. Nd4 Qd6 31. Rxc7 Qxc7 32. b4 Qc4 33. Nf3 Nd7 34. Nd4
Nf6 35. Nf5 Qc7 36. g3 Qd8 37. Qe5 Kf8 38. Qd6+ Qxd6 39. Nxd6 b5 40. Kg2 g6 41.
Nc8 Ke8 42. Nb6 Kd8 43. a4 Kc7 44. a5 Kc6 45. Kf3 Ne4 46. Ke2 f5 47. g4 fxg4 48.
hxg4 Nc3+ {Game drawn by mutual agreement} 1/2-1/2

[Event "Team 45 45 League T64"]
[Site "Internet Chess Club"]
[Date "2015.03.26"]
[Round "4"]
[White "pkraus"]
[Black "deepfort"]
[Result "1-0"]
[WhiteElo "1557"]
[BlackElo "1500"]
[Opening "Fred"]
[ECO "B00"]
[Time "11:00:27"]
[TimeControl "2700+45"]

1. e4 f5 2. e5 d5 3. d4 e6 4. Nf3 Nc6 5. Nc3 b6 6. Bg5 Qd7 7. Bb5 Bb7 8. Qd3 h6
9. Bd2 O-O-O 10. O-O-O g5 11. h3 Nge7 12. a3 f4 13. g4 fxg3 14. fxg3 Nf5 15. g4
Nfe7 16. Nh2 Rg8 17. Rhf1 Ng6 18. Rf6 Nh4 19. Rdf1 Bg7 20. Rf7 Qe8 21. Qh7 Rd7
22. Rxd7 Kxd7 23. Bxc6+ Bxc6 24. Qd3 Rf8 25. Be1 Ng2 26. Bg3 h5 27. Qe2 Nf4 28.
Bxf4 Rxf4 29. Rxf4 gxf4 30. gxh5 Bh6 31. Qg4 Qf8 32. Nf3 Qg7 33. Kd2 Ke7 34. Ne2
Qf7 35. Qg6 Qxg6 36. hxg6 Be8 37. h4 Bxg6 38. c3 Bh5 39. Neg1 Kf7 40. b3 c5 41.
c4 dxc4 42. bxc4 cxd4 43. Nxd4 f3+ 44. Ke1 Be3 45. Ngxf3 Bxf3 46. Nxf3 Kg6 47.
Ke2 Bf4 48. Kd3 Kf5 49. Kd4 Kg4 50. Ke4 Bg3 51. Ng5 Bxh4 52. Nxe6 Be7 53. a4 Kh5
54. Kf5 Kh6 55. Nc7 Kg7 56. Ke6 Kf8 57. Nd5 Bc5 58. Kd7 Kf7 59. e6+ {Black
resigns} 1-0

[Event "Team 45 45 League T64"]
[Site "Internet Chess Club"]
[Date "2015.03.28"]
[Round "4"]
[White "bayoumicardio10"]
[Black "BrianWood"]
[Result "1/2-1/2"]
[WhiteElo "1751"]
[BlackElo "1511"]
[Opening "Sicilian: Grand Prix attack"]
[ECO "B23"]
[Time "19:00:54"]
[TimeControl "2700+45"]

1. e4 c5 2. Nc3 Nc6 3. f4 g6 4. Nf3 Bg7 5. Bb5 Nd4 6. O-O Nxb5 7. Nxb5 d5 8.
exd5 a6 9. Nc3 Nf6 10. d4 c4 11. Ne5 Nxd5 12. Nxc4 Nxc3 13. bxc3 b5 14. Ne5 Bb7
15. Ba3 Qc7 16. Bc5 Rd8 17. Re1 Bxe5 18. fxe5 Rd5 19. Qd2 Qxc5 {Game drawn by
mutual agreement} 1/2-1/2

[Event "Team 45 45 League T64"]
[Site "Internet Chess Club"]
[Date "2015.03.26"]
[Round "4"]
[White "smsxman"]
[Black "JRussell2"]
[Result "0-1"]
[WhiteElo "1358"]
[BlackElo "1533"]
[Opening "Sicilian"]
[ECO "B50"]
[Time "15:00:14"]
[TimeControl "2700+45"]

1. e4 c5 2. Nf3 d6 3. Nc3 Nf6 4. Bc4 e6 5. e5 dxe5 6. Nxe5 Nbd7 7. d4 cxd4 8.
Qxd4 Be7 9. O-O O-O 10. Re1 Bc5 11. Qd1 Qb6 12. Qf3 Qc7 13. Nxd7 Nxd7 14. Bd3
Nf6 15. Nb5 Qb6 16. Bf4 Bd7 17. Bc7 Qc6 18. Qg3 a6 19. Be5 Be7 20. Nd4 Qc8 21.
Nf3 h6 22. Nd2 Nh5 23. Qg4 Nf6 24. Qg3 Nh5 25. Qg4 Nf6 26. Qf3 Bc6 27. Qe2 Qd7
28. Nc4 Qd5 29. f3 Rac8 30. Nb6 Bc5+ 31. Kh1 Bxb6 32. Rad1 Qc5 33. Bd4 Qxd4 34.
Bh7+ Nxh7 35. Rxd4 Bxd4 36. c3 Bb6 37. a3 Bb5 38. Qc2 Rcd8 39. Qb3 Bc7 40. a4
Bc6 41. Qc4 Rd7 42. b4 Rfd8 43. Qb3 b5 44. axb5 axb5 45. Kg1 Bd5 46. Qc2 Bc4 47.
Qc1 Bb6+ 48. Kh1 Rd2 49. h3 Ra2 50. Rd1 Rxd1+ 51. Qxd1 Nf6 52. Kh2 Bd5 53. Qb1
Rf2 54. Kg3 Nh5+ 55. Kg4 g6 56. Qh1 f5+ {White resigns} 0-1

[Event "Team 45 45 League T64"]
[Site "Internet Chess Club"]
[Date "2015.03.27"]
[Round "4"]
[White "Fulmar"]
[Black "oldbookseller"]
[Result "1-0"]
[WhiteElo "1217"]
[BlackElo "1138"]
[Opening "Ruy Lopez: classical (Cordel) defense"]
[ECO "C64"]
[Time "09:00:54"]
[TimeControl "2700+45"]

1. e4 e5 2. Nf3 Nc6 3. Bb5 Bc5 4. O-O Nge7 5. c3 O-O 6. d4 exd4 7. cxd4 Bb6 8.
Nc3 d5 9. Re1 Bd7 10. e5 Nf5 11. Bg5 Qe8 12. Nxd5 Qe6 13. Nxb6 axb6 14. d5 Qg6
15. dxc6 Bxc6 16. Bxc6 Qxc6 17. Qb3 Qd7 18. e6 Qe8 19. e7 Nxe7 20. Bxe7 Qd7 21.
Bxf8 Kxf8 22. h3 h6 23. Ne5 Qf5 24. g4 Qf4 25. Re4 Qf6 26. Nd7+ Kg8 27. Nxf6+
gxf6 28. Rae1 Rd8 29. Re8+ {Black resigns} 1-0

[Event "Team 45 45 League T64"]
[Site "Internet Chess Club"]
[Date "2015.03.26"]
[Round "4"]
[White "rubo"]
[Black "parrot9"]
[Result "1-0"]
[WhiteElo "1650"]
[BlackElo "1679"]
[Opening "Sicilian: closed"]
[ECO "B23"]
[Time "15:30:49"]
[TimeControl "2700+45"]

1. e4 c5 2. Nc3 e6 3. Bc4 Nc6 4. f4 a6 5. a4 Qh4+ 6. g3 Qe7 7. Nf3 g6 8. O-O Bg7
9. d3 d6 10. f5 Nf6 11. fxe6 fxe6 12. Bg5 O-O 13. Qd2 Bd7 14. Rae1 Qe8 15. Qf4
Nh5 16. Qd2 Nd4 17. Nxd4 cxd4 18. Rxf8+ Qxf8 19. Rf1 Qc8 20. Ne2 Bxa4 21. g4 Bc6
22. gxh5 d5 23. Qf4 dxc4 24. Qf7+ Kh8 25. h6 {Black resigns} 1-0

[Event "Team 45 45 League T64"]
[Site "Internet Chess Club"]
[Date "2015.03.29"]
[Round "4"]
[White "Invicta-Knight"]
[Black "g8wrb"]
[Result "1-0"]
[WhiteElo "1573"]
[BlackElo "1383"]
[Opening "Vienna: Falkbeer variation"]
[ECO "C26"]
[Time "06:15:21"]
[TimeControl "2700+45"]

1. e4 Nf6 2. Nc3 e5 3. d4 exd4 4. Qxd4 Nc6 5. Qe3 Bb4 6. Bd2 O-O 7. O-O-O d6 8.
a3 Ba5 9. Be2 Re8 10. f3 d5 11. Qf2 Be6 12. h3 Qe7 13. g4 Bxc3 14. Bxc3 dxe4 15.
Be1 exf3 16. Bxf3 Rad8 17. Bd2 Rd6 18. g5 Nd5 19. h4 Bf5 20. Re1 Re6 21. Ne2 Qd6
22. Ng3 Rxe1+ 23. Rxe1 Rxe1+ 24. Qxe1 Bd7 25. Be4 Nce7 26. Qf2 b6 27. Bd3 c5 28.
Ne4 Qe6 29. Nc3 Nc7 30. Qg3 Qc6 31. Be4 Ned5 32. Nxd5 Nxd5 33. Bxd5 Qc8 34. h5
Bf5 35. g6 hxg6 36. hxg6 Kf8 37. Bxf7 Be6 38. Qd6# {Black checkmated} 1-0